 Dungeon Crawl Stone Soup version 0.30-a0-1016-gfb0d676c02 (webtiles) character file.

Game seed: 8607840011384029367

23512 BigDaddyOpFi the Gargoyle Disaster (level 13, -6/84 HPs)
             Began as a Gargoyle Fighter on Apr 6, 2023.
             Was a Believer of Qazlal.
             Mangled by Snorg (23 damage)
             ... on level 4 of the Lair of Beasts.
             The game lasted 00:23:24 (16470 turns).

BigDaddyOpFi the Gargoyle Disaster (GrFi)          Turns: 16470, Time: 00:23:24

Health: -6/84      AC: 28    Str: 23    XL:     13   Next: 7%
Magic:  21/21      EV:  7    Int: 18    God:    Qazlal [**....]
Gold:   960        SH: 10    Dex: 12    Spells: 12/12 levels left

rFire   . . .      SeeInvis +    I - +0 broad axe (heavy)
rCold   x . .      Faith    .    c - +0 buckler
rNeg    + . .      Spirit   .    k - +1 plate armour
rPois   ∞          Reflect  .    (helmet restricted)
rElec   +          Rampage  .    r - +0 cloak
rCorr   .                        v - +0 pair of gloves
Will    .....                    (no boots) Stlth
                                 h - amulet of magic regeneration
HPRegen 0.34/turn                w - +6 ring of intelligence
MPRegen 0.57/turn                G - ring of see invisible

@: about to teleport
A: sickness immunity, AC +9, negative energy resistance 1, electricity
resistance, torment resistance 1, petrification resistance, antennae 1, agile 1,
clever 1, cold vulnerability 1
a: Renounce Religion, Upheaval


You were on level 4 of the Lair of Beasts.
You worshipped Qazlal.
Qazlal was pleased with you.
You visited 3 branches of the dungeon, and saw 16 of its levels.
You also visited: Ossuary.

You collected 960 gold pieces.

Inventory:

Hand Weapons
 a - a +5 war axe
 y - the +4 sling of Shrieking Terror {drain, rElec rC+ Stlth+}
   (You found it on level 5 of the Dungeon)

   rC:        It protects you from cold.
   rElec:     It insulates you from electricity.
   Stlth:     It makes you more stealthy.
 I - a +0 heavy broad axe (weapon)
Missiles
 o - a curare-tipped dart
 t - 3 throwing nets
 D - 2 boomerangs of dispersal
Armour
 c - a +0 buckler (worn)
 k - a +1 plate armour (worn)
 r - a +0 cloak (worn)
 v - a +0 pair of gloves (worn)
Jewellery
 h - an amulet of magic regeneration (around neck)
 m - a ring of positive energy
 w - a +6 ring of intelligence (left hand)
 B - an amulet of faith
 E - a ring of resist corrosion
 G - a ring of see invisible (right hand)
 H - a ring of wizardry
 M - a ring of ice
Wands
 b - a wand of flame (22)
 A - a wand of mindburst (7)
 C - a wand of roots (8) (quivered)
 L - a wand of charming (4)
Scrolls
 d - 2 scrolls of teleportation
 e - 2 scrolls of fear
 n - 6 scrolls of vulnerability
 q - a scroll of magic mapping
 s - a scroll of amnesia
 x - 4 scrolls of poison
 F - 2 scrolls of identify
Potions
 f - 3 potions of mutation
 g - 2 potions of degeneration
 i - 4 potions of cancellation
 j - a potion of lignification
 l - 7 potions of flight
 p - 4 potions of resistance
 u - 3 potions of brilliance
 z - 2 potions of attraction
 J - a potion of might
 K - a potion of magic


   Skills:
 + Level 11.0 Fighting
 + Level 8.9 Axes
 + Level 11.0 Armour
 + Level 11.0 Shields
 * Level 11.5 Invocations


You had 12 spell levels left.
You didn't know any spells.
Your spell library contained the following spells:

 Spells                   Type           Power      Damage    Failure   Level
 Sting                    Tmut/Pois      0%         1d3       96%         1
 Ensorcelled Hibernation  Hex/Ice        0%         N/A       99%         2
 Lesser Beckoning         Tloc           0%         N/A       99%         2
 Passwall                 Tmut/Erth      0%         N/A       99%         2
 Poisonous Vapours        Pois/Air       0%         N/A       99%         2
 Wereblood                Tmut           0%         N/A       99%         2
 Call Canine Familiar     Summ           0%         N/A       100%        3
 Gell's Gravitas          Tloc           0%         N/A       100%        3
 Portal Projectile        Hex/Tloc       0%         N/A       100%        3
 Swiftness                Air            0%         N/A       100%        3
 Teleport Other           Tloc           0%         N/A       100%        3
 Leda's Liquefaction      Hex/Erth       0%         N/A       100%        4
 Olgreb's Toxic Radiance  Pois           0%         N/A       100%        4
 Simulacrum               Ice/Necr       0%         N/A       100%        6
 Summon Hydra             Summ           0%         N/A       100%        7
 Lehudib's Crystal Spear  Conj/Erth      0%         10d2      100%        8
 Sublimation of Blood     Necr           Unusable   N/A       N/A         2
 Statue Form              Tmut/Erth      Unusable   N/A       N/A         6

Dungeon Overview and Level Annotations

Branches:
Dungeon (11/15)            Temple (1/1) D:6            Lair (4/5) D:10
 Shoals (0/4) Lair:3        Snake (0/4) Lair:3      Ossuary (visited)
  Slime: Lair:4-5       Orc: D:9-12

Altars:
Ashenzari
Cheibriados
Dithmenos
Elyvilon
Fedhas
Hepliaklqana
Kikubaaqudgha
Makhleb
Okawaru
Qazlal
Ru
Trog
Uskayaw
Vehumet
Wu Jian
Xom
Yredelemnul
Zin

Shops:
D:1 *

Annotations:
D:5 2 runed translucent doors, Rudyous's ghost, amateur DjFE
D:6 2 transporters, Newt's ghost, novice KoHu
Lair:4 Snorg


Innate Abilities, Weirdness & Mutations

You are immune to sickness and miasma.
Your stone body is resilient. (AC +9)
You are immune to poison.
You resist negative energy. (rN+)
You are resistant to electric shocks. (rElec)
You are resistant to unholy torment.
You are immune to petrification.
You have a pair of small antennae on your head.
You are agile. (Dex +4, Str/Int -1)
Your mind is acute. (Int +4, Str/Dex -1)
You are vulnerable to cold. (rC-)


Message History

Roots grab Snorg.
The grasping roots constrict Snorg.
You hear a bellow! x4
Snorg goes berserk!
You cut Snorg into ribbons!!!
Snorg is moderately wounded.
The grasping roots constrict Snorg!
The roots release their grip on Snorg.
Snorg bites you! You block Snorg's attack. Snorg claws you but does no damage.
Snorg bites you but does no damage. Snorg claws you but does no damage. x2
You slash Snorg!
Snorg is heavily wounded.
Snorg bites you!! You block Snorg's attack. Snorg completely misses you.
Snorg bites you! Snorg claws you but does no damage. x2
Snorg barely misses you. x2; Snorg claws you but does no damage.
You closely miss Snorg.
Snorg is heavily wounded.
You block Snorg's attack. Snorg claws you but does no damage. Snorg claws you!
You block Snorg's attack. Snorg claws you. Snorg claws you but does no damage.
Aiming: Fastroot
Press: ? - help, Q - select action, (/) - cycle Shift-Dir - straight line, f/p - Snorg
Aim: Snorg (heavily wounded, berserk)
The roots erupt in riotous growth!
Roots grab Snorg.
The grasping roots constrict Snorg.
You hear a bellow! x2
Snorg completely misses you. You block Snorg's attack.
Snorg claws you but does no damage. Snorg bites you!
* * * LOW HITPOINT WARNING * * *
Snorg closely misses you. Snorg completely misses you.
Unknown command.
Okay, then.
Aiming: Fastroot
Press: ? - help, Q - select action, (/) - cycle Shift-Dir - straight line, f - you, p - Snorg
Okay, then.
You can't see any enemies this would affect, really read the scroll of fear?
Okay, then.
As you read the scroll of teleportation, it crumbles to dust.
You feel strangely unstable.
The grasping roots constrict Snorg.
The roots release their grip on Snorg.
Snorg bites you!!
You die...

#...............####...
#...........#.....#....
#...##......##.......#.
#..###.......###..).#..
##......###..#.......†.
##.....# ##..........†
#..#..## ##....#.##.#
####...# #...#######
#.@..# #...# . ##T.##
####.# .. .### ## #..
.. ..# ... ..## #...
..# ...# #.. ..## ...
...


You could see Snorg (berserk).

Vanquished Creatures
  2 hydras
  2 death yaks (Lair:3)
  9 elephants (Lair:4)
  2 black mambas
  A torpor snail (Lair:3)
  6 cane toads
  8 komodo dragons
  2 trolls
  13 blink frogs
  6 dream sheep (Lair:3)
  2 wyverns
  18 yaks
  2 steam dragons
  A vampire mosquito (D:10)
  3 nagas (Lair:3)
  2 acid dragons (D:10)
  11 water moccasins
  3 orc warriors
  A sky beast (D:8)
  3 ice beasts
  A black bear (D:6)
  An ogre (D:6)
  5 centaurs
  3 kobold brigands (D:4)
  3 elf zombies (Ossuary)
  13 bullfrogs
  A gnoll sergeant (D:10)
  2 scorpions
  6 killer bees (D:8)
  2 howler monkeys (D:9)
  2 electric eels (D:10)
  A centaur zombie (Ossuary)
  13 hounds
  3 jellies
  A gnoll bouda (D:11)
  4 orc priests
  A human zombie (Ossuary)
  A sleepcap (D:5)
  2 orc wizards (D:7)
  Terence (D:3)
  5 iguanas
  Natasha (twice) (D:3)
  2 mummies (Ossuary)
  Robin (D:3)
  24 gnolls
  6 adders
  A shadow imp (D:8)
  3 white imps
  An ufetubus (D:6)
  2 adder zombies (Ossuary)
  3 dart slugs (D:1)
  15 orcs
  12 ball pythons
  7 bats
  6 endoplasms
  A giant cockroach (D:3)
  19 goblins
  8 hobgoblins
  4 jackals (D:2)
  4 quokkas
  3 frilled lizards
  A goblin zombie (Ossuary)
  10 hobgoblin zombies (Ossuary)
  A jackal zombie (Ossuary)
  41 kobolds
  8 kobold zombies (Ossuary)
  8 orc zombies (Ossuary)
  A rat (D:2)
  2 rat zombies (Ossuary)
364 creatures vanquished.

Vanquished Creatures (others)
  16 fungi
  24 plants
40 creatures vanquished.

Grand Total: 404 creatures vanquished

Notes
Turn   | Place    | Note
-------+----------+-------------------------------------------
     0 | D:1      | BigDaddyOpFi the Gargoyle Fighter began the quest for the
                  | Orb.
     0 | D:1      | Reached XP level 1. HP: 14/14 MP: 1/1
    83 | D:1      | Reached XP level 2. HP: 17/19 MP: 2/2
   204 | D:1      | Reached XP level 3. HP: 20/23 MP: 3/3
   318 | D:1      | Found Anluy's Assorted Antiques.
  1154 | D:2      | Reached XP level 4. HP: 29/29 MP: 4/4
  1263 | D:2      | Identified the +1 hand axe of the Gnat {drain, Fragile Fly
                  | rN+}
  1610 | D:2      | Gained mutation: You are agile. (Dex +4, Str/Int -1)
                  | [potion of mutation]
  1610 | D:2      | Gained mutation: You have a pair of small antennae on your
                  | head. [potion of mutation]
  1610 | D:2      | Gained mutation: You are vulnerable to cold. (rC-) [potion
                  | of mutation]
  1610 | D:2      | Gained mutation: Your mind is acute. (Int +4, Str/Dex -1)
                  | [potion of mutation]
  2037 | D:3      | Reached XP level 5. HP: 33/33 MP: 5/5
  2288 | D:3      | Noticed Terence
  2292 | D:3      | Killed Terence
  2379 | D:3      | Noticed Natasha
  2381 | D:3      | Noticed Robin
  2388 | D:3      | Killed Natasha
  2389 | D:3      | Reached XP level 6. HP: 35/39 MP: 6/6
  2405 | D:3      | Killed Robin
  2583 | D:3      | Got Sif Muna's Handbook of the Mesa and Algor
  2686 | D:3      | Noticed Natasha
  2696 | D:3      | Killed Natasha
  3307 | D:4      | Reached skill level 5 in Shields
  3382 | D:4      | Reached skill level 5 in Fighting
  3382 | D:4      | Reached skill level 5 in Armour
  3382 | D:4      | Reached XP level 7. HP: 44/44 MP: 7/7
  4529 | D:5      | Entered Level 5 of the Dungeon
  4599 | D:5      | Reached XP level 8. HP: 51/51 MP: 8/8
  4719 | D:5      | Found a broken altar of Ashenzari.
  4846 | D:5      | Found a runed translucent door.
  4848 | D:5      | Noticed Rudyous's ghost (amateur DjFE)
  4947 | D:5      | Found an ornate altar of the Wu Jian Council.
  4970 | D:5      | Identified the +4 sling of Shrieking Terror {drain, rElec
                  | rC+ Stlth+}
  5216 | D:5      | Found a runed translucent door.
  5336 | D:6      | Found a transporter.
  5546 | D:6      | Found a transporter.
  5547 | D:6      | Noticed Newt's ghost (novice KoHu)
  5548 | D:6      | Noticed a queen bee
  5571 | D:6      | Noticed a hornet
  5930 | D:6      | Reached skill level 5 in Axes
  6364 | D:7      | HP: 1/52 [orc warrior/+0 long sword (5)]
  6571 | D:7      | Reached XP level 9. HP: 37/56 MP: 9/9
  6588 | D:7      | Found a sand-covered staircase.
  6602 | Ossuary  | Entered an ossuary
  6990 | D:6      | Found a staircase to the Ecumenical Temple.
  7061 | Temple   | Entered the Ecumenical Temple
  7085 | Temple   | Became a worshipper of Qazlal Stormbringer
  7173 | D:6      | Noticed a komodo dragon
  7240 | D:6      | Killed a komodo dragon
  7814 | D:8      | Found a hide-covered altar of Uskayaw.
  7922 | D:8      | Found a basalt altar of Yredelemnul.
  7924 | D:8      | Found a hazy altar of Hepliaklqana.
  8456 | D:8      | Reached XP level 10. HP: 64/64 MP: 11/13
  8776 | D:7      | Reached * piety under Qazlal
  9694 | D:9      | Reached skill level 5 in Invocations
 10248 | D:10     | Entered Level 10 of the Dungeon
 10331 | D:10     | Found a white marble altar of Elyvilon.
 10333 | D:10     | Found a shadowy altar of Dithmenos.
 10334 | D:10     | Found a radiant altar of Vehumet.
 10458 | D:10     | Found a staircase to the Lair.
 10678 | D:11     | Noticed a cyan ugly thing
 10686 | D:11     | Noticed a gargoyle
 10860 | D:10     | Reached ** piety under Qazlal
 11099 | Lair:1   | Entered Level 1 of the Lair of Beasts
 11123 | Lair:1   | Noticed a black mamba
 11127 | Lair:1   | Killed a black mamba
 11164 | Lair:1   | Reached XP level 11. HP: 62/69 MP: 16/16
 11295 | Lair:1   | Found a dark tunnel.
 12649 | Lair:2   | Noticed a death yak
 12651 | Lair:2   | Noticed a death yak
 12653 | Lair:2   | Noticed a death yak
 13193 | Lair:3   | Noticed a death yak
 13193 | Lair:3   | Noticed a death yak
 13785 | Lair:3   | Reached skill level 10 in Armour
 13785 | Lair:3   | Reached skill level 10 in Shields
 13785 | Lair:3   | Reached XP level 12. HP: 69/77 MP: 17/19
 13787 | Lair:3   | Found a staircase to the Shoals.
 13796 | Lair:3   | Reached skill level 10 in Fighting
 13823 | Lair:3   | Found a staircase to the Snake Pit.
 13990 | Lair:3   | Reached skill level 10 in Invocations
 14410 | Lair:3   | Reached *** piety under Qazlal
 14452 | Lair:3   | Noticed a six-headed hydra
 14458 | Lair:3   | Killed a six-headed hydra
 14600 | Lair:3   | Killed a death yak
 14605 | Lair:3   | Killed a death yak
 15346 | Lair:4   | HP: 1/79 [elephant (8)]
 16123 | Lair:4   | Noticed a six-headed hydra
 16133 | Lair:4   | Killed an eight-headed hydra
 16139 | Lair:4   | Reached XP level 13. HP: 30/84 MP: 21/21
 16462 | Lair:4   | Noticed Snorg
 16470 | Lair:4   | Mangled by Snorg

Illustrated notes

Levels and vault maps discovered:
D:1:      sevenhm_arrival_forest_fort_small_4, layout_loops_corners,
          serial_shops, shop_fountains
D:2:      layout_loops_ring
D:3:      layout_basic, serial_bayou, serial_bayou_lagoon_b,
          serial_bayou_lake_a, serial_bayou_pond_e, serial_bayou_pond_d,
          minmay_pentangle, uniq_natasha, uniq_terence, uniq_robin
D:4:      minmay_goblin_kobold_castle, layout_basic, solitary_fountain,
          kennysheep_generic_room_12
D:5:      layout_basic, mainiacjoe_overflow_boulevard,
          mainiacjoe_overflow_six_doors_small, ebering_ghost_sewer_f
D:6:      minmay_chambers_of_fours, layout_loops_corners,
          minmay_temple_entry_fiery, gammafunk_ghost_hive
D:7:      layout_rooms, nicolae_ossuary_entry_monument, kennysheep_nondescript
D:8:      layout_cave_pods, minitemple
D:9:      layout_gridville
D:10:     layout_roguey, grunt_temple_overflow_open, erik_lair_island
D:11:     layout_long_grid, hiddenorc2_lemuel, chequers_garden,
          nicolae_vehumet_altar_sigil
Temple:   nicolae_temple_bog_church
Lair:1:   layout_gridlike, nicolae_volcano_entry_lava_flow, st_stairs_3
Lair:2:   layout_gridlike
Lair:3:   layout_small_grid, elwin_shoals_entry_rocks,
          guppyfry_snake_entry_island, grunt_megastairs_1, serial_bayou_shore_b,
          lemuel_fruit_tree
Lair:4:   layout_layer_cave, slime_entry_1, lemuel_fruit_fields, uniq_snorg

Skill      XL: |  1  2  3  4  5  6  7  8  9 10 11 12 13 |
---------------+----------------------------------------+-----
Axes           | 2 3 4 5 6 7 8 |  8.9
Armour         | 4 5 7 9 10 11 | 11.0
Shields        | 4 5 7 9 10 11 | 11.0
Fighting       | 4 5 6 7 8 9 10 11 | 11.0
Invocations    | 4 7 9 11 | 11.5

Action                     |  1- 3 |  4- 6 |  7- 9 | 10-12 | 13-15 || total
---------------------------+-------+-------+-------+-------+-------++-------
  Melee: War axe           |    73 |    11 |   338 |    78 |       ||   500
         Hand axe          |       |   199 |    57 |       |       ||   256
         Broad axe         |       |       |       |   336 |    24 ||   360
  Throw: Throwing net      |       |       |     1 |       |       ||     1
 Invoke: Upheaval          |       |       |       |     3 |       ||     3
  Evoke: Wand              |       |       |     4 |     8 |     2 ||    14
    Use: Scroll            |     1 |    12 |    12 |    13 |     1 ||    39
         Potion            |       |     2 |    11 |     9 |       ||    22
 Armour: Scale mail        |    25 |       |       |       |       ||    25
         Plate armour      |    32 |   170 |   344 |   483 |    35 ||  1064
  Dodge: Dodged            |    30 |    46 |   160 |   203 |    21 ||   460
  Block: Buckler           |    18 |    65 |   114 |   295 |    23 ||   515

Table legend: (Time is in decaauts)
 A = Elapsed time spent in this place.
 B = Non-inter-level travel time spent in this place.
 C = Inter-level travel time spent in this place.
 D = Time resting spent in this place.
 E = Time spent auto-exploring this place.
 F = Levels seen in this place.
 G = Mean time per level.
                   A        B        C        D        E       F      G
               +--------+--------+--------+--------+--------+-----+--------+
         Total |  17034 |  16681 |    353 |   3716 |   8607 |  17 | 1002.0 |
       Dungeon |  11005 |  10685 |    320 |   1735 |   6419 |  11 | 1000.5 |
        Temple |     42 |     26 |     16 |      0 |      0 |   1 |   42.0 |
          Lair |   5650 |   5634 |     16 |   1949 |   2034 |   4 | 1412.5 |
       Ossuary |    337 |    337 |      0 |     32 |    153 |   1 |  337.0 |
               +--------+--------+--------+--------+--------+-----+--------+

Top non-repeatable levels by time:
  Lair:3: 2188 daAuts
  Lair:1: 1642 daAuts
     D:6: 1600 daAuts
     D:8: 1429 daAuts
     D:4: 1387 daAuts
     D:3: 1335 daAuts
  Lair:4: 1230 daAuts
     D:1: 1076 daAuts
    D:10: 896 daAuts
     D:9: 858 daAuts
     D:2: 841 daAuts
     D:5: 793 daAuts
     D:7: 758 daAuts
  Lair:2: 589 daAuts
 Ossuary: 337 daAuts
